Map: Odyssey LE

Players

Ziggy

  • Race: Terran Terran
  • Spawn Location: 11:00

Cloudy - Winner!

  • Race: Protoss Protoss
  • Spawn Location: 5:00

Event: WCS Valencia 2017

VOD

Have the link to the VOD?

Description

Time

  • Played on: July 13, 2017, 7:37 a.m.
  • Length: 18:55

All games in this series

Show
View Real Time Build Order
Export as new Build Order

Ziggy Terran 

Build Orders: Reaper Expand, MMM Bio 

Get SALT Encoding   

  12  0:00  SCV  
  13  0:12  SCV  
  14  0:17  Supply Depot  
  14  0:24  SCV  
  15  0:30  Refinery  
  15  0:44  Barracks  
  15  0:46  SCV  
  16  0:58  SCV  
  17  1:11  SCV  
  18  1:23  SCV  
  19  1:31  Reaper  
  20  1:36  Orbital Command  
  20  1:52  Command Center  
  20  2:02  SCV  
  21  2:09  Barracks Reactor, Factory  
  21  2:14  SCV  
  22  2:19  Supply Depot  
  22  2:26  SCV  
  22  2:28  Refinery  
  23  2:41  SCV  
  24  2:46  Marine x2  
  26  2:52  Widow Mine  
  26  2:53  SCV  
  29  2:58  Starport  
  29  3:04  Marine x2  
  29  3:05  SCV  
  33  3:10  Orbital Command  
  32  3:17  SCV  
  33  3:21  Marine x2, Widow Mine  
  37  3:29  SCV  
  38  3:39  SCV  
  38  3:40  Medivac  
  41  3:41  Marine x2  
  41  3:45  Supply Depot  
  43  3:50  SCV, Widow Mine  
  46  3:56  SCV  
  46  4:06  SCV  
  46  4:07  Barracks  
  46  4:08  SCV  
  48  4:10  Barracks  
  48  4:13  Barracks Tech Lab  
  48  4:19  SCV  
  48  4:21  SCV  
  48  4:22  Engineering Bay  
  48  4:23  Supply Depot  
  50  4:33  SCV, Barracks  
  50  4:34  SCV, Barracks  
  50  4:38  Stimpack, Marine  
  52  4:45  SCV  
  54  4:46  SCV, Widow Mine  
  54  4:48  Widow Mine  
  54  4:52  Missile Turret  
  59  4:55  Terran Infantry Weapons Level 1  
  59  5:01  Barracks Reactor x2  
  59  5:03  SCV x2  
  57  5:09  Marauder  
  57  5:12  Supply Depot  
  57  5:15  SCV x2  
  59  5:27  SCV x2, Barracks Tech Lab x2  
  61  5:30  Supply Depot  
  61  5:33  Refinery, Widow Mine x2  
  61  5:34  Marauder, Medivac  
  69  5:39  SCV  
  69  5:40  Missile Turret  
  68  5:44  SCV  
  68  5:45  Marine  
  68  5:46  Marine  
  70  5:50  Supply Depot  
  70  5:52  Marauder, SCV  
  73  5:57  Marine x2  
  73  5:58  Marauder  
  73  6:01  Marine  
  78  6:07  Combat Shields  
  78  6:08  Supply Depot  
  78  6:10  Supply Depot  
  78  6:11  Marine x2, Widow Mine x2  
  78  6:14  Marine  
  85  6:23  Marine  
  85  6:24  Marine  
  85  6:30  Marauder  
  87  6:32  Medivac  
  87  6:37  Supply Depot  
  87  6:39  Marine x2, Refinery  
  89  6:40  Marauder, Marine  
  94  6:48  Widow Mine  
  94  6:49  Widow Mine  
  94  6:51  Marine x3  
  101  6:57  Supply Depot  
  101  6:59  Marauder  
  103  7:02  Medivac  
  103  7:03  Marauder, Marine  
  103  7:07  Marine  
  109  7:09  Marine  
  109  7:12  Marauder  
  111  7:18  Marine  
  111  7:20  Marauder  
  98  7:23  Marine  
  98  7:24  Marine  
  90  7:32  Marine  
  90  7:33  Marauder  
  90  7:35  Marine x2  
  97  7:41  Marauder  
  97  7:42  Marauder  
  97  7:43  Marine  
  101  7:50  Marine  
  100  7:53  Marine  
  100  7:54  Marauder  
  100  7:55  Marine  
  104  8:00  Marine  
  104  8:02  Marine  
  104  8:04  Marauder  
  108  8:08  Terran Infantry Armor Level 1  
  110  8:16  Command Center  
  110  8:19  Ghost Academy  
  110  8:21  Medivac x2, Factory Reactor  
  110  8:25  Marine  
  110  8:26  Marauder  
  114  8:29  Marauder, Marine  
  116  8:36  Marine x2  
  116  8:37  Marauder  
  119  8:43  Marine  
  119  8:46  Marine  
  121  8:51  Marauder, Supply Depot x2  
  121  8:52  Missile Turret  
  123  8:57  SCV x2  
  125  9:02  Marine  
  126  9:12  Marauder, Marine, SCV x2, Supply Depot x2, Ghost  
  133  9:21  Armory  
  133  9:24  Marine  
  133  9:25  SCV  
  133  9:31  Marine x2  
  136  9:34  SCV  
  136  9:37  SCV  
  139  9:44  Ghost  
  139  9:45  Widow Mine x2  
  141  9:50  Orbital Command  
  145  9:56  SCV x2, Marine x3  
  150  10:02  Marauder, Marine x2  
  154  10:07  Terran Infantry Weapons Level 2  
  154  10:11  Engineering Bay  
  150  10:14  Medivac x2  
  151  10:25  Marine x5  
  151  10:26  Marauder x2  
  158  10:31  Widow Mine x2  
  146  10:42  Marine  
  146  10:44  Ghost  
  146  10:45  Marine x2  
  146  10:47  SCV  
  144  10:52  Marine x2  
  144  10:56  Marine  
  147  10:57  SCV  
  147  11:00  Marine  
  147  11:01  Terran Infantry Armor Level 2  
  149  11:04  Widow Mine x2  
  149  11:08  Medivac  
  155  11:12  SCV x3  
  155  11:14  Marine x3  
  155  11:15  Marine x2  
  163  11:21  Marine x2  
  165  11:30  SCV x2  
  165  11:32  Marine x2  
  169  11:34  Marauder x2  
  169  11:38  Missile Turret  
  173  11:40  Missile Turret  
  173  11:44  Liberator  
  173  11:46  Supply Depot  
  173  11:49  Liberator  
  173  11:50  Ghost  
  167  11:54  Ghost  
  167  11:58  Ghost  
  167  11:59  Marine x3  
  163  12:14  Marine  
  162  12:16  Marine, Widow Mine x2  
  162  12:17  Marine x2  
  162  12:18  Ghost  
  171  12:24  Marine  
  171  12:27  Marine  
  173  12:32  Marine  
  173  12:34  Marine x3  
  173  12:42  Marauder  
  175  12:45  Marauder  
  175  12:48  Terran Infantry Weapons Level 3  
  175  12:49  Starport x2  
  177  13:03  Ghost x2  
  175  13:15  Liberator x2  
  175  13:28  Marauder, Marine x3  
  175  13:33  Starport Reactor, Starport Tech Lab  
  186  13:35  Marine  
  186  13:52  Marine x2  
  186  13:53  Marine x2  
  186  13:54  Command Center  
  189  13:58  Marine  
  189  13:59  Marauder  
  189  14:00  Marauder  
  188  14:08  Medivac, Supply Depot  
  190  14:10  Liberator, Marine x3  
  190  14:11  Marauder  
  190  14:16  Marine  
  190  14:19  Marine  
  190  14:20  Liberator  
  190  14:21  Marine  
  188  14:28  Marine x2  
  193  14:32  Marauder  
  198  14:45  Ghost  
  196  14:54  Marine x2  
  196  14:55  Marauder  
  200  15:07  Planetary Fortress  
  200  15:10  Missile Turret  
  200  15:13  Refinery  
  200  15:14  Orbital Command  
  200  15:15  Refinery  
  198  15:26  Personal Cloaking  
  198  15:38  Liberator  
  198  15:39  Viking  
  195  15:56  Marauder x2, Marine x5  
  196  15:58  Liberator  
  185  16:13  Marine  
  185  16:14  Marauder  
  185  16:16  Liberator  
  185  16:18  Marauder x2  
  192  16:37  Marauder  
  192  16:39  Marauder, Refinery, Missile Turret, Liberator  
  199  16:46  Marine  
  199  16:47  Marauder  
  200  17:11  Marine x2  
  200  17:12  Marauder  
  200  17:13  Viking x2  
  193  17:17  Marine x3  
  193  17:18  Marauder  
  193  17:20  Liberator x2  
  160  17:29  Marine x2  
  131  17:33  Marauder  
  123  17:38  Barracks, Widow Mine x2  
  123  17:39  Barracks  
  123  17:40  Marine, Barracks  
  123  17:41  Barracks  
  123  17:43  Marine x3  
  133  17:47  Marine x2  
  128  17:52  Viking  
  128  17:54  Marine  
  128  17:58  Marine  
  132  18:03  Marine x3  
  135  18:09  Marine x2  
  136  18:13  Marauder  
  136  18:16  Marine  
  130  18:21  Marine, Viking x2  
  130  18:22  Marauder x2  
  130  18:26  Marine  
  130  18:27  Barracks x2  
Show
View Real Time Build Order
Export as new Build Order

Cloudy Protoss - Winner!

Build Orders: 1 Gate Expand, Oracle Opening, Phoenix Opening 

Get SALT Encoding   

  12  0:01  Probe (Chrono Boost)  
  13  0:11  Probe (Chrono Boost)  
  14  0:17  Pylon  
  14  0:22  Probe (Chrono Boost)  
  15  0:35  Probe (Chrono Boost)  
  16  0:37  Gateway  
  16  0:44  Assimilator  
  16  0:46  Probe (Chrono Boost)  
  17  0:56  Probe (Chrono Boost)  
  18  1:07  Probe (Chrono Boost)  
  19  1:25  Nexus  
  19  1:34  Cybernetics Core  
  19  1:38  Probe (Chrono Boost)  
  20  1:46  Assimilator  
  20  1:50  Probe (Chrono Boost)  
  21  2:00  Pylon  
  21  2:01  Probe (Chrono Boost)  
  22  2:11  Probe (Chrono Boost)  
  23  2:19  Adept (Chrono Boost)  
  25  2:23  Stargate  
  25  2:27  Probe  
  26  2:30  Warp Gate  
  26  2:39  Probe  
  26  2:43  Probe  
  26  2:44  Adept (Chrono Boost)  
  29  2:51  Probe  
  31  2:53  Probe  
  32  3:03  Probe  
  32  3:04  Probe  
  34  3:09  Oracle (Chrono Boost)  
  37  3:14  Probe  
  37  3:15  Probe  
  39  3:25  Probe  
  40  3:27  Probe  
  41  3:35  Probe  
  41  3:39  Probe  
  42  3:43  Pylon, Gateway  
  42  3:46  Probe  
  42  3:47  Phoenix (Chrono Boost)  
  45  3:51  Probe  
  46  3:59  Probe  
  46  4:02  Nexus  
  47  4:04  Probe  
  48  4:10  Probe  
  48  4:12  Phoenix (Chrono Boost)  
  53  4:17  Mothership Core  
  53  4:23  Probe  
  53  4:25  Pylon  
  54  4:40  Assimilator  
  54  4:42  Probe, Assimilator  
  54  4:43  Probe  
  54  4:44  Phoenix (Chrono Boost)  
  58  4:52  Probe  
  58  4:55  Forge, Probe, Twilight Council  
  60  5:03  Probe  
  61  5:08  Probe  
  61  5:13  Probe  
  64  5:14  Phoenix (Chrono Boost)  
  64  5:17  Gateway  
  64  5:18  Probe  
  64  5:19  Gateway  
  64  5:20  Probe, Gateway  
  67  5:23  Charge (Chrono Boost)  
  67  5:24  Probe  
  67  5:25  Gateway  
  68  5:28  Probe  
  68  5:30  Protoss Ground Armor Level 1  
  68  5:32  Probe  
  70  5:36  Phoenix (Chrono Boost)  
  70  5:37  Probe  
  70  5:46  Probe  
  70  5:48  Probe  
  72  5:56  Gateway  
  72  5:57  Probe x2  
  73  5:58  Gateway  
  73  5:59  Oracle (Chrono Boost)  
  73  6:00  Pylon  
  77  6:05  Pylon  
  77  6:06  Pylon  
  77  6:17  Pylon  
  77  6:23  Sentry x2  
  77  6:24  Zealot x2  
  77  6:25  Zealot  
  87  6:31  Photon Cannon, Phoenix (Chrono Boost)  
  87  6:34  Probe  
  87  6:35  Probe  
  87  6:36  Probe  
  87  6:37  Pylon  
  90  6:40  Pylon  
  90  6:42  Robotics Facility  
  90  6:49  Zealot x4  
  90  6:52  Phoenix (Chrono Boost)  
  100  6:58  Zealot x4  
  108  7:10  Zealot x4  
  108  7:14  Phoenix (Chrono Boost)  
  97  7:29  Zealot x4  
  95  7:31  Zealot x4  
  97  7:37  Blink  
  97  7:39  Phoenix (Chrono Boost)  
  97  7:43  Pylon  
  97  7:45  Photon Cannon  
  97  7:47  Observer  
  98  7:52  Protoss Ground Armor Level 2  
  98  7:57  Sentry x2  
  98  7:58  Zealot x3  
  108  7:59  Zealot  
  108  8:00  Phoenix (Chrono Boost)  
  112  8:10  Warp Prism  
  114  8:16  Zealot x2, Probe  
  114  8:17  Probe x2  
  114  8:19  Zealot x3  
  127  8:20  Zealot  
  127  8:36  Pylon  
  127  8:42  Zealot x2  
  127  8:43  Zealot  
  133  8:50  Pylon  
  133  8:52  Pylon  
  133  8:54  Pylon, Immortal  
  137  8:57  Pylon  
  137  9:00  Pylon, Robotics Bay  
  132  9:03  Probe  
  132  9:04  Probe, Assimilator  
  132  9:05  Probe  
  132  9:09  Assimilator  
  135  9:14  Probe  
  135  9:16  Zealot x7  
  135  9:17  Probe  
  151  9:19  Zealot  
  151  9:21  Probe  
  154  9:26  Probe  
  154  9:29  Probe  
  156  9:47  Disruptor  
  159  9:56  Zealot x3  
  159  9:57  Zealot  
  159  9:59  Stalker x4  
  175  10:04  Nexus  
  175  10:06  Protoss Ground Armor Level 3  
  173  10:11  Robotics Facility  
  171  10:18  Zealot x3  
  171  10:19  Zealot  
  176  10:31  Zealot x3  
  176  10:32  Zealot  
  160  10:55  Nexus  
  160  11:06  Colossus (Chrono Boost)  
  165  11:13  Pylon  
  165  11:16  Pylon  
  165  11:25  Extended Thermal Lance  
  165  11:27  Photon Cannon  
  165  11:29  Photon Cannon  
  165  11:31  Nexus  
  165  11:32  Colossus (Chrono Boost)  
  171  11:34  Pylon  
  171  11:35  Stalker x5  
  171  11:39  Templar Archives  
  181  11:54  Colossus (Chrono Boost)  
  179  12:07  Psionic Storm  
  179  12:21  Forge  
  179  12:22  Photon Cannon  
  179  12:26  Nexus, Assimilator  
  179  12:28  Assimilator  
  179  12:35  Zealot x5  
  179  12:36  Pylon  
  179  12:50  High Templar x3  
  185  12:58  Protoss Ground Weapons Level 1 (Chrono Boost)  
  183  13:04  Disruptor  
  181  13:08  High Templar x4  
  181  13:09  Disruptor  
  181  13:31  Stalker x4  
  185  13:42  Zealot x4  
  185  13:54  Zealot x3  
  181  14:00  Zealot  
  172  14:07  Zealot x4  
  173  14:10  Nexus  
  163  14:24  Zealot x2  
  163  14:25  Zealot x2  
  163  14:29  Gateway  
  171  14:31  Gateway  
  171  14:33  Zealot x4  
  179  14:39  Protoss Shields Level 1 (Chrono Boost)  
  179  14:40  Pylon, Immortal  
  175  14:56  Pylon  
  175  15:00  High Templar x4  
  175  15:01  High Templar x4  
  175  15:05  Archon x3  
  191  15:13  Archon  
  174  15:42  High Templar  
  174  15:43  High Templar x2  
  169  15:59  Protoss Ground Weapons Level 2 (Chrono Boost)  
  169  16:00  Stalker x5  
  177  16:05  Nexus  
  177  16:14  Pylon  
  177  16:20  High Templar x2  
  178  16:26  Colossus  
  178  16:29  Immortal  
  178  16:34  Nexus  
  188  16:42  Photon Cannon  
  188  16:44  High Templar  
  188  16:45  Photon Cannon, High Templar  
  192  16:51  Pylon  
  192  16:57  Oracle  
  195  17:05  Observer  
  191  17:14  Archon  
  191  17:15  Zealot x2  
  188  17:20  Zealot x3  
  173  17:31  Zealot x2  
  165  17:39  Observer, High Templar x4  
  170  17:52  High Templar  
  170  17:53  High Templar x2  
  174  18:02  Stalker x2  
  172  18:31  Archon  
  158  18:52  Zealot x10  
Tags
 
Add a new tag
Caveats
  • Supply blocks, unpowered buildings, or Contaminate may cause inaccurate times.
  • Supply counts are checked every 10 seconds.